 Dungeon Crawl Stone Soup version 0.25-a0-294-gea9b1ad378 (webtiles) character file.

Game seed: 17576819621433537735, levelgen mode: deterministic

137790 tilp the Devastator (level 16, 0/139 HPs)
             Began as a Black Draconian Conjurer on Dec 14, 2019.
             Was the Champion of Nemelex Xobeh.
             Slain by a spriggan rider
             ... wielding a +0 spear of flaming
              (4 damage)
             ... on level 3 of the Swamp on Dec 17, 2019.
             The game lasted 02:36:17 (45241 turns).

tilp the Devastator (Black Draconian Conjurer)     Turns: 45241, Time: 02:36:18

Health: 0/139      AC: 18    Str: 11    XL:     16   Next: 69%
Magic:  13/28      EV: 33    Int: 27    God:    Nemelex Xobeh [******]
Gold:   421        SH:  4    Dex: 16    Spells: 7/31 levels left

rFire    + . .     SeeInvis .   a - +7 demon trident (pierce)
rCold    . . .     Gourm    .   S - -1 buckler of the Barracuda {Int+3}
rNeg     . . .     Faith    .   (armour unavailable)
rPois    +         Spirit   .   V - +2 hat
rElec    +         Reflect  .   b - +0 cloak "Afroxiuph" {rF+ Int+3}
rCorr    .         Harm     .   A - +2 pair of gloves
MR       +....                  y - +2 pair of boots {run}
Stlth    ++........             x - amulet of the acrobat
HPRegen  1.33/turn              v - ring of poison resistance
MPRegen  0.21/turn              q - +3 ring of dexterity

@: acrobat, regenerating (expiring), quick
A: breathe lightning, unfitting armour, big wings, electricity resistance,
cold-blooded, AC +9
a: Breathe Lightning, Fly, Draw Escape, Draw Destruction, Draw Summoning, Triple
Draw, Deal Four, Stack Five, Renounce Religion


You were on level 3 of the Swamp.
You worshipped Nemelex Xobeh.
Nemelex Xobeh was exalted by your worship.
You were not hungry.

You visited 4 branches of the dungeon, and saw 26 of its levels.
You also visited: Gauntlet.

You collected 2587 gold pieces.
You spent 2166 gold pieces at shops.

Inventory:

Hand Weapons
 a - a +7 demon trident of piercing (weapon)
Missiles
 w - 86 poisoned darts (quivered)
 O - 4 curare-tipped darts
 R - 29 silver javelins
 T - 3 throwing nets
Armour
 b - the +0 cloak "Afroxiuph" (worn) {rF+ Int+3}
   (You acquired it on level 2 of the Swamp)

   It affects your intelligence (+3).
   It protects you from fire.
 r - a scarf of repulsion
 y - a +2 pair of boots of running (worn)
 A - a +2 pair of gloves (worn)
 S - the -1 buckler of the Barracuda (worn) {Int+3}
   (You bought it in a shop on level 7 of the Dungeon)

   It affects your intelligence (+3).
 V - a +2 hat (worn)
Jewellery
 p - the ring "Wushryaluo" {MP+9 Dex+4, unknown}
   (You acquired it on level 2 of the Swamp)

   [ring of magical power]

   It affects your dexterity (+4).
   It affects your magic capacity (+9).
 q - a +3 ring of dexterity (right hand)
 t - an uncursed ring of wizardry
 v - a ring of poison resistance (left hand)
 x - an amulet of the acrobat (around neck)
 K - an uncursed ring of see invisible
 L - an uncursed ring of protection from magic
Wands
 k - a wand of disintegration (6)
 B - a wand of paralysis (28)
 E - a wand of iceblast (33)
 H - a wand of digging (7)
 I - a wand of flame (25)
 N - a wand of enslavement (9)
Scrolls
 e - 14 scrolls of remove curse
 i - a scroll of silence
 l - 3 scrolls of fear
 s - 12 scrolls of teleportation
 u - 7 scrolls of fog
 P - 3 scrolls of amnesia
 Q - 2 scrolls of summoning
 W - a scroll of enchant armour
 X - 4 scrolls of blinking
 Z - a scroll of vulnerability {unknown}
Potions
 d - a potion of berserk rage
 g - a potion of might
 h - 4 potions of magic
 j - 4 potions of haste
 n - 3 potions of mutation
 o - 5 potions of agility
 C - 3 potions of heal wounds
 F - 2 potions of cancellation
 J - 3 potions of brilliance
 U - 3 potions of ambrosia
 Y - 7 potions of curing
Miscellaneous
 f - a box of beasts
 m - a lamp of fire
 D - a fan of gales
 M - a phial of floods
Comestibles
 c - 43 rations


   Skills:
 - Level 12.0 Fighting
 - Level 14.0 Polearms
 - Level 8.0 Dodging
 - Level 2.0 Stealth
 - Level 4.0 Shields
 - Level 8.0 Spellcasting
 - Level 15.0 Conjurations
 - Level 8.0 Charms
 - Level 4.0 Translocations
 + Level 11.2 Invocations
 + Level 7.8 Evocations


You had 7 spell levels left.
You knew the following spells:

 Your Spells              Type           Power        Failure   Level  Hunger
a - Magic Dart            Conj           ####         0%          1    None
b - Searing Ray           Conj           ######       0%          2    None
c - Dazzling Flash        Conj/Hex       ######       1%          3    None
d - Fulminant Prism       Conj/Hex       ######....   2%          4    ##.....
e - Iskenderun's Mystic   Conj/Tloc      ######..     1%          4    ##.....
f - Shroud of Golubria    Chrm/Tloc      #####.       1%          2    None
g - Regeneration          Chrm/Necr      ####......   3%          3    None
h - Blink                 Tloc           N/A          1%          2    None
i - Spectral Weapon       Hex/Chrm       ####....     3%          3    None

Your spell library contained the following spells:

 Spells                   Type           Power        Failure   Level  Hunger
 Infusion                 Chrm           ####         1%          1    None
 Song of Slaying          Chrm           ######..     1%          2    None
 Iskenderun's Battlesphe  Conj/Chrm      ######..     1%          5    ####...
 Gell's Gravitas          Tloc           ####......   3%          3    None
 Lesser Beckoning         Tloc           ####......   3%          3    None
 Teleport Other           Tloc           ####....     3%          3    None
 Beastly Appendage        Tmut           ##....       5%          1    None
 Recall                   Summ/Tloc      N/A          7%          3    None
 Sticks to Snakes         Tmut           ##......     8%          2    None
 Passage of Golubria      Tloc           N/A          10%         4    ##.....
 Orb of Destruction       Conj           #######...   10%         7    #######
 Spider Form              Tmut/Pois      ##........   16%         3    None
 Bolt of Magma            Conj/Fire/Erth #####.....   19%         5    ####...
 Iron Shot                Conj/Erth      ######....   36%         6    ######.
 Animate Dead             Necr           N/A          45%         4    ##.....
 Cause Fear               Hex            ##........   45%         4    ##.....
 Ice Form                 Ice/Tmut       ##......     45%         4    ##.....
 Summon Forest            Summ/Tloc      ###.......   54%         5    ####...
 Aura of Abjuration       Summ           ##........   82%         5    ####...
 Blade Hands              Tmut           ##........   82%         5    ####...
 Borgnjor's Vile Clutch   Necr/Erth      ##........   82%         5    ####...
 Silence                  Hex/Air        ##........   82%         5    ####...
 Summon Demon             Summ           ##........   82%         5    ####...
 Summon Mana Viper        Hex/Summ       ##......     82%         5    ####...
 Yara's Violent Unravell  Hex/Tmut       ##........   82%         5    ####...
 Deflect Missiles         Chrm/Air       ####......   83%         6    ######.
 Spellforged Servitor     Conj/Summ      ######....   90%         7    #######
 Death Channel            Necr           ##........   100%        6    ######.
 Shadow Creatures         Summ           N/A          100%        6    ######.
 Simulacrum               Ice/Necr       ##........   100%        6    ######.
 Discord                  Hex            ##........   100%        8    #######


Dungeon Overview and Level Annotations

Branches:
Dungeon (15/15)            Temple (0/1) D:7            Lair (6/6) D:11
  Swamp (3/4) Lair:2       Spider (0/4) Lair:2        Slime (0/5) Lair:6
    Orc (2/2) D:12            Elf (0/3) Orc:2        Vaults (0/5) D:14
 Depths (0/5) D:15        Gauntlet (visited)

Altars:
Cheibriados
Dithmenos
Gozag
Kikubaaqudgha
Makhleb
Nemelex Xobeh
Qazlal
Sif Muna
Trog
Uskayaw
Wu Jian
Yredelemnul

Shops:
D:4 (*   D:6 %   D:7 *   D:13 [   Orc:2 (*}!

Portals:
Trove: D:11 (give horn of Geryon)

Annotations:
Lair:2 1 runed translucent door, Borgoz's ghost, journeyman KoGl
Lair:6 exclusion: 3 oklob plants
Swamp:1 1 runed translucent door, Byucvearph's ghost, adept DrBe


Innate Abilities, Weirdness & Mutations

You can breathe wild blasts of lightning.
Your glossy black scales are hard. (AC +9)
You cannot fit into any form of body armour.
Your large and strong wings let you fly indefinitely.
You are resistant to electric shocks. (rElec)
You are cold-blooded and may be slowed by cold attacks.


Message History

* * * LOW HITPOINT WARNING * * *
The slime creature completely misses you.
Your fulminant prism explodes!
The blast of energy engulfs the spriggan rider!
The spriggan rider is moderately wounded.
The blast of energy engulfs the spriggan rider!!
You kill the spriggan rider!
You kill the hornet!
The blast of energy engulfs the slime creature!!
The slime creature is heavily wounded.
The blast of energy engulfs the slime creature!!
The slime creature is heavily wounded.
The spriggan rider completely misses you.
Your skin is crawling a little less now.
The spriggan rider hits you from afar with a +0 spear of flaming!
* * * LOW HITPOINT WARNING * * *
The spriggan rider hits you from afar with a +0 spear of flaming!
* * * LOW HITPOINT WARNING * * *
The spriggan rider burns you.
You die...
Your body glows with a rainbow of weird colours and disappears.

♣♣..♣♣...♣ ♣......).♣♣
♣♣♣...♣.≈...♣♣ ♣♣♣♣
♣..JJ≈J≈.♣≈J.♣♣
♣♣♣♣≈≈♣♣♣.J≈≈≈≈≈≈≈≈J...
♣≈..≈≈≈...≈≈J≈≈≈≈≈≈≈...
♣≈≈.≈....≈≈≈≈♣.≈♣.≈≈≈♣.
♣♣♣♣♣≈....i≈≈≈.≈....≈≈≈≈♣
♣≈..♣≈.†@♣♣≈≈.......♣≈≈≈♣
♣♣≈≈.♣.†=♣♣♣≈≈....8..≈.≈≈♣
♣...≈....♣ ≈♣≈≈≈......≈≈≈≈
♣♣♣..≈≈♣♣♣♣♣♣≈≈.......≈♣≈♣
♣...≈≈≈≈§≈♣♣♣≈≈.....≈≈≈♣♣
♣≈♣♣≈≈≈≈≈≈≈♣♣♣♣.....♣♣♣♣.
♣≈♣♣♣≈≈≈≈≈≈≈≈≈≈≈.≈♣≈≈≈≈≈.
♣♣♣ ♣♣♣.....≈≈≈≈≈♣♣≈≈≈...
♣≈..≈≈≈≈≈♣♣≈♣≈...≈≈


You could see 4 slime creatures and a spriggan rider.

Vanquished Creatures
  Gastronok (Lair:1)
  Agnes (D:14)
  A ghoul (Swamp:1)
  An entropy weaver (D:14)
  Nessos (D:13)
  2 minotaurs
  2 ettins
  Josephine (D:14)
  A fire dragon (Lair:6)
  An ice dragon (shapeshifter) (D:14)
  An ice dragon (Lair:6)
  6 hydras
  A rakshasa (D:14)
  A catoblepas (D:13)
  20 two-headed ogres
  4 centaur warriors
  3 ogre magi
  9 alligators
  2 tengu warriors
  Sonja (D:10)
  An orc high priest (Orc:1)
  Urug (D:10)
  An iron troll (Orc:2)
  4 skeletal warriors
  A deep troll (Orc:2)
  A sea snake (Gauntlet)
  3 large abominations (Gauntlet)
  4 unseen horrors
  Pikel (D:8)
  7 wizards
  3 swamp dragons
  2 lindwurms (Lair:6)
  2 orc sorcerers
  An orc knight (Orc:1)
  8 ugly things
  10 slime creatures
  4 deep elf magi
  An oklob plant (D:11)
  2 manticores
  6 cyclopes
  4 elephants
  4 black mambas
  A smoke demon (Gauntlet)
  6 torpor snails
  A minotaur zombie (Gauntlet)
  9 spiny frogs
  2 gargoyles
  A kobold demonologist (D:15)
  12 komodo dragons
  2 rime drakes (Lair:6)
  2 freezing wraiths
  2 yaktaurs
  A redback zombie (D:14)
  2 jumping spiders (Lair:2)
  A red devil (Gauntlet)
  11 trolls
  A tengu conjurer (Gauntlet)
  7 tyrant leeches
  3 polar bears
  11 hornets
  10 blink frogs
  12 bog bodies
  2 dream sheep (Lair:3)
  11 hippogriffs
  Sigmund (D:6)
  2 shadows
  5 basilisks
  2 redbacks (Lair:2)
  5 spriggans
  4 wyverns
  40 yaks
  5 wraiths
  A golden eye (shapeshifter) (D:14)
  3 hungry ghosts
  3 steam dragons
  A yak (shapeshifter) (D:14)
  13 vampire mosquitoes
  3 wargs
  4 insubstantial wisps (Swamp:3)
  10 swamp worms
  A soldier ant (D:12)
  4 acid dragons
  Menkaure (D:7)
  5 small abominations (Gauntlet)
  10 water moccasins
  9 porcupines
  7 swamp drakes
  22 orc warriors
  10 ice beasts
  A slave (D:8)
  An eye of draining (D:15)
  3 phantoms
  9 sky beasts
  16 wolves
  5 boggarts (D:15)
  6 necrophages
  25 ogres
  An ogre (shapeshifter) (D:13)
  13 centaurs
  12 crocodiles
  4 big kobolds
  18 bullfrogs
  A water moccasin zombie (D:6)
  A wyvern zombie (D:14)
  2 wyvern skeletons (D:13)
  2 scorpions
  4 killer bees
  7 howler monkeys
  A wight (D:9)
  6 crimson imps
  2 bullfrog zombies
  3 centaur zombies
  4 hounds
  A quasit (D:12)
  3 human zombies (D:9)
  12 orc priests
  4 jellies
  4 centaur skeletons
  3 bullfrog skeletons
  A human skeleton (D:9)
  3 iguanas
  17 orc wizards
  11 worker ants
  A bullfrog simulacrum (D:9)
  A centaur simulacrum (D:9)
  2 hound zombies
  An ogre skeleton (D:9)
  A mummy (D:9)
  2 worker ant zombies
  4 gnolls (Orc:2)
  14 adders
  2 shadow imps
  3 white imps (D:9)
  2 worker ant simulacra (D:9)
  An ufetubus (D:9)
  3 oozes
  2 adder skeletons
  3 worms
  2 dart slugs (D:3)
  4 leopard geckos
  76 orcs
  4 giant cockroaches
  8 goblins
  9 hobgoblins
  8 jackals
  5 quokkas
  10 bats
  5 frilled lizards
  2 giant cockroach zombies (D:5)
  18 kobolds
  2 leopard gecko zombies
  An orc zombie (D:9)
  A quokka simulacrum (D:9)
  7 rats
  2 fulminant prisms (Lair:6)
  2 fungi (Lair:6)
  16 plants
842 creatures vanquished.

Vanquished Creatures (collateral kills)
  Jorgrun (Orc:2)
  Rupert (D:13)
  A thorn hunter (Swamp:2)
  A hydra (Lair:5)
  Erolcha (Orc:2)
  A death yak (D:9)
  An ogre mage (Orc:2)
  A fire crab (Lair:6)
  An orc knight (Orc:2)
  A mana viper (Orc:1)
  An orc sorcerer (Orc:1)
  A moth of wrath (Lair:6)
  A cyclops (D:11)
  4 elephants
  A troll (Orc:2)
  A wind drake (Orc:1)
  9 blink frogs (Lair:5)
  3 wraiths (D:14)
  3 yaks
  A wyvern (Lair:5)
  A warg (Orc:1)
  A floating eye (Lair:6)
  An orc warrior (Orc:1)
  2 ogres
  A killer bee (Orc:1)
  An electric eel (D:9)
  An orc wizard (Orc:2)
  An orc priest (Orc:2)
  A worker ant (Orc:1)
  A worm (Orc:1)
  3 orcs (Orc:1)
49 creatures vanquished.

Vanquished Creatures (others)
  A skeletal warrior (D:15)
  An unseen horror (D:13)
  An elephant (Lair:4)
  A hornet (Lair:2)
  A bog body (Swamp:1)
  A yak (Lair:1)
  A warg (Orc:2)
  A crocodile (Lair:4)
  A killer bee (D:10)
  An orc priest (Orc:2)
  3 ball lightnings
  A bush (Lair:3)
  3 demonic plants (Gauntlet)
  72 fulminant prisms
  24 fungi
  28 plants
141 creatures vanquished.

Grand Total: 1032 creatures vanquished

Notes
Turn   | Place    | Note
-------+----------+-------------------------------------------
     0 | D:1      | tilp the Draconian Conjurer began the quest for the Orb.
     0 | D:1      | Reached XP level 1. HP: 14/14 MP: 3/3
   615 | D:1      | Reached XP level 2. HP: 12/20 MP: 0/5
  1267 | D:1      | Reached skill level 5 in Conjurations
  1285 | D:1      | Reached XP level 3. HP: 20/26 MP: 0/6
  1665 | D:2      | Learned a level 2 spell: Searing Ray
  1669 | D:2      | Learned a level 3 spell: Dazzling Flash
  1734 | D:2      | Found a burning altar of Makhleb.
  1734 | D:2      | Noticed a blizzard demon
  1741 | D:2      | Noticed a smoke demon
  1741 | D:2      | Noticed an orange demon
  2015 | D:2      | Reached XP level 4. HP: 33/33 MP: 2/7
  2279 | D:2      | Found an ornate altar of the Wu Jian Council.
  2287 | D:2      | Found a shadowy altar of Dithmenos.
  2692 | D:2      | Reached skill level 6 in Conjurations
  2897 | D:3      | Found an ancient bone altar of Kikubaaqudgha.
  3208 | D:3      | Reached skill level 1 in Fighting
  3292 | D:3      | Reached XP level 5. HP: 40/40 MP: 4/8
  3516 | D:3      | Found a bloodstained altar of Trog.
  3516 | D:3      | Found a snail-covered altar of Cheibriados.
  3528 | D:3      | Found a stormy altar of Qazlal.
  3530 | D:3      | Found a faded altar of an unknown god.
  3532 | D:3      | Found a sparkling altar of Nemelex Xobeh.
  3650 | D:3      | Became a worshipper of Nemelex Xobeh the Trickster
  3930 | D:4      | Noticed an ogre
  4024 | D:4      | Noticed an ogre
  4030 | D:4      | Killed an ogre
  4128 | D:4      | Received a gift from Nemelex Xobeh
  4166 | D:4      | Reached XP level 6. HP: 52/52 MP: 4/9
  4558 | D:4      | Found Poocul's General Store.
  4567 | D:4      | Bought a +0 pair of gloves for 63 gold pieces
  4567 | D:4      | Bought a wand of paralysis (5) for 98 gold pieces
  4567 | D:4      | Bought a scroll of identify for 28 gold pieces
  4567 | D:4      | Bought a scroll of remove curse for 42 gold pieces
  4681 | D:4      | Found Sakotile's Weapon Shop.
  4710 | D:4      | Learned a level 4 spell: Fulminant Prism
  4721 | D:5      | Entered Level 5 of the Dungeon
  5219 | D:5      | Your scales start taking on a glossy black colour.
  5219 | D:5      | Reached XP level 7. HP: 59/59 MP: 6/12
  5219 | D:5      | Gained mutation: You are resistant to electric shocks.
                  | (rElec) [Black Draconian growth]
  5287 | D:5      | Reached * piety under Nemelex Xobeh
  5392 | D:5      | Received a gift from Nemelex Xobeh
  5409 | D:5      | Reached skill level 7 in Conjurations
  5870 | D:6      | Found Ilymmu's Food Shoppe.
  5903 | D:6      | Found a shimmering blue altar of Sif Muna.
  6120 | D:6      | Received a gift from Nemelex Xobeh
  6290 | D:6      | Reached skill level 8 in Conjurations
  6651 | D:6      | Noticed Sigmund
  6667 | D:6      | Killed Sigmund
  6667 | D:6      | Reached XP level 8. HP: 54/66 MP: 9/14
  6889 | D:6      | Reached skill level 9 in Conjurations
  7250 | D:6      | Reached ** piety under Nemelex Xobeh
  7526 | D:7      | Reached skill level 10 in Conjurations
  7571 | D:7      | Reached skill level 1 in Invocations
  7759 | D:7      | Reached XP level 9. HP: 55/71 MP: 2/16
  7973 | D:7      | Found a staircase to the Ecumenical Temple.
  8086 | D:7      | Found Jel Kyll's Assorted Antiques.
  8323 | D:7      | Found a shimmering blue altar of Sif Muna.
  8369 | D:7      | Noticed Menkaure
  8372 | D:7      | Killed Menkaure
  8372 | D:7      | Reached skill level 5 in Spellcasting
  8770 | D:8      | Upgraded the game from 0.25-a0-290-g4a1327ee3a to
                  | 0.25-a0-292-gaa31f046c4
  8835 | D:8      | Noticed Pikel
  8843 | D:8      | Killed Pikel
  9054 | D:8      | Received a gift from Nemelex Xobeh
  9349 | D:8      | Reached skill level 11 in Conjurations
  9349 | D:8      | Reached skill level 5 in Invocations
  9602 | D:8      | Learned a level 4 spell: Iskenderun's Mystic Blast
  9652 | D:9      | Reached *** piety under Nemelex Xobeh
  9728 | D:9      | Noticed a polar bear
  9804 | D:9      | Killed a polar bear
  9898 | D:9      | Noticed a polar bear
  9906 | D:9      | Killed a polar bear
  9936 | D:9      | Reached XP level 10. HP: 78/78 MP: 11/19
  9942 | D:9      | Noticed a death yak
 10093 | D:9      | Received a gift from Nemelex Xobeh
 10279 | D:9      | Reached skill level 12 in Conjurations
 10694 | D:9      | Killed a death yak
 10694 | D:9      | Reached skill level 5 in Fighting
 10762 | D:9      | Learned a level 2 spell: Shroud of Golubria
 10766 | D:9      | Learned a level 3 spell: Regeneration
 11224 | D:9      | Reached skill level 1 in Evocations
 11413 | D:9      | Found a basalt altar of Yredelemnul.
 11556 | D:9      | Found an opulent altar of Gozag.
 11710 | D:10     | Entered Level 10 of the Dungeon
 11803 | D:10     | Received a gift from Nemelex Xobeh
 12062 | D:10     | Noticed Sonja
 12078 | D:10     | Killed Sonja
 12078 | D:10     | Reached XP level 11. HP: 89/89 MP: 13/20
 12490 | D:10     | Noticed Urug
 12504 | D:10     | Killed Urug
 12930 | D:7      | Bought a bloodstained buckler for 228 gold pieces
 12934 | D:7      | Identified the cursed -1 buckler of the Barracuda {Int+3}
                  | (You bought it in a shop on level 7 of the Dungeon)
 13051 | D:11     | Reached skill level 5 in Evocations
 13302 | D:11     | Reached skill level 1 in Shields
 13438 | D:11     | Found a staircase to the Lair.
 13439 | D:11     | Noticed an oklob plant
 13693 | D:11     | Reached **** piety under Nemelex Xobeh
 14252 | D:11     | Found a hide-covered altar of Uskayaw.
 14616 | D:11     | Found a portal to a secret trove of treasure.
 14711 | D:11     | Killed an oklob plant
 14845 | Lair:1   | Entered Level 1 of the Lair of Beasts
 14847 | Lair:1   | Received a gift from Nemelex Xobeh
 15479 | D:11     | Reached skill level 10 in Invocations
 15661 | Lair:1   | Received a gift from Nemelex Xobeh
 15950 | Lair:1   | Noticed Gastronok
 16135 | Lair:1   | Noticed Nergalle
 16429 | Lair:1   | Noticed Nergalle
 16429 | Lair:1   | Nergalle changed into Nergalle the ettin
 16436 | Lair:1   | Killed Nergalle the ettin
 16436 | Lair:1   | Reached skill level 5 in Dodging
 16588 | Lair:1   | Killed Gastronok
 16588 | Lair:1   | Reached XP level 12. HP: 100/101 MP: 15/21
 16673 | Lair:2   | Found a runed translucent door.
 16685 | Lair:2   | Noticed Borgoz's ghost (journeyman KoGl)
 16774 | Lair:2   | Found a staircase to the Swamp.
 17188 | Lair:2   | Reached ***** piety under Nemelex Xobeh
 17362 | Lair:2   | Received a gift from Nemelex Xobeh
 17373 | Lair:2   | Found a hole to the Spider Nest.
 17607 | Lair:2   | Reached skill level 10 in Fighting
 17938 | Lair:2   | Received a gift from Nemelex Xobeh
 18019 | Lair:3   | Reached skill level 1 in Charms
 18862 | Lair:3   | Received a gift from Nemelex Xobeh
 19186 | Lair:3   | You fall into a shaft and drop 1 floor!
 19211 | Lair:4   | Noticed an eight-headed hydra
 19216 | Lair:4   | Killed an eight-headed hydra
 19235 | Lair:4   | Reached XP level 13. HP: 69/113 MP: 13/24
 19442 | Lair:4   | Received a gift from Nemelex Xobeh
 20210 | Lair:4   | Received a gift from Nemelex Xobeh
 20415 | Lair:4   | Reached skill level 13 in Conjurations
 20907 | Lair:4   | Received a gift from Nemelex Xobeh
 21133 | Lair:4   | Identified a scroll of acquirement
 21137 | Lair:4   | Got a dazzling cloak
 21230 | Lair:4   | Received a gift from Nemelex Xobeh
 21437 | Lair:5   | Reached skill level 5 in Charms
 21682 | Lair:5   | Learned a level 2 spell: Blink
 21814 | Lair:5   | Reached ****** piety under Nemelex Xobeh
 21889 | Lair:5   | Received a gift from Nemelex Xobeh
 22031 | Lair:6   | Entered Level 6 of the Lair of Beasts
 22062 | Lair:6   | Received a gift from Nemelex Xobeh
 22077 | Lair:6   | Identified the +1 cloak of Greed {rF++ rC+ Int-5 Stlth+}
                  | (You acquired it on level 4 of the Lair of Beasts)
 22094 | Lair:6   | Found a runed translucent door.
 23336 | Lair:6   | Reached skill level 14 in Conjurations
 23428 | Lair:6   | Paralysed by a hornet for 3 turns
 23884 | Lair:6   | Received a gift from Nemelex Xobeh
 23982 | Lair:6   | Found a staircase to the Slime Pits.
 25720 | Lair:6   | Gained mutation: Your large and strong wings let you fly
                  | indefinitely. [Black Draconian growth]
 25720 | Lair:6   | Reached XP level 14. HP: 99/121 MP: 21/26
 26165 | D:12     | Found a snail-covered altar of Cheibriados.
 26199 | D:12     | Found a gate leading to a gauntlet.
 26220 | Gauntlet | Entered a Gauntlet
 26220 | Gauntlet | Found a transporter.
 26230 | Gauntlet | Found a transporter.
 26245 | Gauntlet | Found a transporter.
 26250 | Gauntlet | Found a transporter.
 26265 | Gauntlet | Found a transporter.
 26284 | Gauntlet | Found a transporter.
 26296 | Gauntlet | Found a transporter.
 26305 | Gauntlet | Found a transporter.
 26306 | Gauntlet | Received a gift from Nemelex Xobeh
 26320 | Gauntlet | Found a transporter.
 26332 | Gauntlet | Found a transporter.
 26350 | Gauntlet | Found a transporter.
 26368 | Gauntlet | Found a transporter.
 26370 | Gauntlet | Found a transporter.
 26398 | Gauntlet | Found a transporter.
 26398 | Gauntlet | Found a transporter.
 26400 | Gauntlet | Found a transporter.
 26424 | Gauntlet | Found a transporter.
 26502 | Gauntlet | Found a transporter.
 26932 | Gauntlet | Reached skill level 15 in Conjurations
 27214 | Gauntlet | Got a sparkling bronze amulet
 27267 | Gauntlet | Identified the -2 hand axe of Cheibriados's Regard {chop,
                  | +Inv Int+5}
 27298 | Gauntlet | Identified the amulet of Ripnep {Acrobat *Drain *Slow rF++
                  | Stlth+} (You found it in a Gauntlet)
 27782 | D:12     | Received a gift from Nemelex Xobeh
 28663 | D:12     | Found a staircase to the Orcish Mines.
 28736 | Orc:1    | Entered Level 1 of the Orcish Mines
 29528 | Orc:1    | Found a bloodstained altar of Trog.
 29762 | Orc:2    | Entered Level 2 of the Orcish Mines
 29885 | Orc:2    | Received a gift from Nemelex Xobeh
 30192 | Orc:2    | Found a staircase to the Elven Halls.
 30192 | Orc:2    | Received a gift from Nemelex Xobeh
 30566 | Orc:2    | Noticed Erolcha
 30746 | Orc:2    | Reached skill level 1 in Translocations
 31269 | Orc:2    | Killed Erolcha
 31309 | Orc:2    | Noticed Jorgrun
 31313 | Orc:2    | Identified the -1 quarterstaff "Demonbane" {crush, MR+}
 31319 | Orc:2    | Killed Jorgrun
 32232 | Orc:2    | Reached skill level 1 in Polearms
 32627 | Orc:2    | Reached XP level 15. HP: 132/132 MP: 8/27
 33045 | Orc:2    | Found Tinuodita's Gadget Shop.
 33412 | Orc:2    | Reached skill level 5 in Polearms
 33495 | Orc:2    | Found Vilo's Distillery.
 33496 | Orc:2    | Found Wilacaod's General Store.
 33503 | Orc:2    | Bought a potion of might for 68 gold pieces
 33503 | Orc:2    | Bought a potion of curing for 51 gold pieces
 33503 | Orc:2    | Bought a potion of curing for 51 gold pieces
 33511 | Orc:2    | Found Mes Ilog's Weapon Boutique.
 33514 | Orc:2    | Bought an uncursed amulet of the gourmand for 450 gold
                  | pieces
 33514 | Orc:2    | Bought a lamp of fire for 600 gold pieces
 33514 | Orc:2    | Bought an uncursed ring of fire for 375 gold pieces
 33514 | Orc:2    | Bought a scroll of enchant weapon for 112 gold pieces
 33620 | Orc:2    | Received a gift from Nemelex Xobeh
 33727 | D:13     | Found Natiann's Antique Armour Emporium.
 33727 | D:13     | Noticed Rupert
 34544 | D:13     | Noticed Nessos
 34562 | D:13     | Killed Nessos
 34673 | D:13     | Killed Rupert
 36107 | D:14     | Upgraded the game from 0.25-a0-292-gaa31f046c4 to
                  | 0.25-a0-294-gea9b1ad378
 36250 | D:14     | Received a gift from Nemelex Xobeh
 36788 | D:14     | Reached skill level 10 in Polearms
 36933 | D:14     | Noticed Frances
 36936 | D:14     | Noticed Frances
 36936 | D:14     | Frances changed into Frances the minotaur
 36943 | D:14     | Killed Frances the minotaur
 36949 | D:14     | Noticed Agnes
 36969 | D:14     | Killed Agnes
 37419 | D:14     | Received a gift from Nemelex Xobeh
 37649 | D:14     | Found a gate to the Vaults.
 37713 | D:14     | Noticed Josephine
 37725 | D:14     | Killed Josephine
 38480 | D:14     | Found the +3 warlock's mirror {reflect}
 39036 | D:14     | Identified a +2 pair of boots of running (You acquired it
                  | on level 14 of the Dungeon)
 39052 | D:15     | Entered Level 15 of the Dungeon
 39052 | D:15     | Received a gift from Nemelex Xobeh
 39568 | D:15     | Reached XP level 16. HP: 139/139 MP: 13/28
 40385 | D:15     | Found a staircase to the Depths.
 41279 | Swamp:1  | Entered Level 1 of the Swamp
 41377 | Lair:2   | Learned a level 3 spell: Spectral Weapon
 41706 | Swamp:1  | Received a gift from Nemelex Xobeh
 41929 | Swamp:1  | Found a runed translucent door.
 41929 | Swamp:1  | Received a gift from Nemelex Xobeh
 41939 | Swamp:1  | Noticed Byucvearph's ghost (adept DrBe)
 42507 | Swamp:1  | You fall into a shaft and drop 1 floor!
 43197 | Swamp:2  | Noticed a thorn hunter
 43206 | Swamp:2  | Killed a thorn hunter
 43229 | Swamp:2  | Got a distressingly furry cloak
 43421 | Swamp:2  | Identified the +0 cloak "Afroxiuph" {rF+ Int+3} (You
                  | acquired it on level 2 of the Swamp)
 43950 | Swamp:2  | Received a gift from Nemelex Xobeh
 44500 | Swamp:2  | Got a flickering steel ring
 45241 | Swamp:3  | HP: 4/139 [spriggan rider/+0 spear of flaming (15)]
 45241 | Swamp:3  | Slain by a spriggan rider

Levels and vault maps discovered:
D:1:      wander_arrival_desolate, layout_loops_corners, minmay_misc_feat_alley
D:2:      layout_basic, lemuel_crystal_altar, nicolae_dithmenos_shadow_blocks,
          makhleb_altar_promises_db
D:3:      layout_loops_cross, chequers_temple_overflow_minitemple,
          kiku_gazebo_pond_becter, first_ration
D:4:      layout_rooms, serial_shops, kennysheep_mini_moat,
          kennysheep_little_box
D:5:      layout_rooms, serial_undead, serial_undead_f, serial_undead_b,
          serial_undead_c, serial_undead_d, serial_undead_e, serial_undead_b,
          fountainhead, grunt_ministairs_8
D:6:      minmay_angry_zag, layout_basic, serial_shops, shop, led_sif_pool,
          uniq_sigmund
D:7:      layout_basic, nicolae_overflow_hidden_temple,
          minmay_temple_entry_mini_moons, serial_shops,
          nicolae_shop_overgrown_old_shop, uniq_menkaure
D:8:      layout_basic, uniq_pikel
D:9:      layout_loops_ring, lemuel_mausoleum_altar_yredelemnul,
          lemuel_coloured_pillars_altar, serial_ice, serial_ice_d, serial_ice_e,
          serial_ice_l, serial_ice_m, serial_ice_g, serial_ice_f, serial_ice_a,
          serial_ice_c
D:10:     layout_roguey, uniq_urug, uniq_sonja
D:11:     layout_roguey, dpeg_oklobed_lair, basic_altar,
          nicolae_trove_entry_crystal, grunt_ogre_cave
D:12:     layout_rooms, orc_0_dummy, gauntlet_entry_generic, lemuel_tele_altar
D:13:     minmay_the_grid_triangle_9x9_rhombus_thin_mashed
          [minmay_the_grid_triangle_9x9_sparse_checkered,
          minmay_the_grid_triangle_9x9_prize_top_heavy,
          minmay_the_grid_triangle_9x9_corrupted_corridor,
          minmay_the_grid_triangle_9x9_alien], layout_rooms, serial_shops,
          nicolae_shop_overgrown_old_shop, uniq_nessos, uniq_rupert
D:14:     minmay_smoke_and_mirrors, layout_stronghold, david_vaults_5,
          minmay_fountain_box, uniq_frances, uniq_agnes, uniq_josephine
D:15:     grunt_enter_depths_magical_seal, layout_small_grid,
          minmay_fractal_squares_diagonal_5
Lair:1:   layout_roguey, lemuel_fruit_tree, infiniplex_staircase_pool_2,
          uniq_nergalle, uniq_gastronok
Lair:2:   layout_cave_pods, skrybe_swamp_entry_bodies,
          spider_nest_entry_funnel_web, hellmonk_ghost_happy_afterlife
Lair:3:   layout_regular_city, grunt_megastairs_4
Lair:4:   layout_concentric_octagons
Lair:5:   layout_cave_shapes, grunt_megastairs_1
Lair:6:   wormcave, layout_long_grid, guppyfry_lair_end_dragon,
          minmay_slime_entry_oklob_enclosed, wad_woods_road_06,
          chequers_serial_rivers_room_b, serial_bayou_pond_e,
          chequers_serial_rivers_micro_b, lemuel_fruit_fields
Swamp:1:  layout_falls_marsh, ebering_ghost_inner_flame,
          evilmike_swamp_ruin_house_5, swamp_pool5, hangedman_swamp_ravenous
Swamp:2:  layout_basic_swamp, hangedman_swamp_ruin_wall
Swamp:3:  layout_basic_swamp, nicolae_swamp_feature_on_the_river_bank,
          uniq_bai_suzhen
Orc:1:    layout_caves, trog_butcher_becter
Orc:2:    st_orc_open, layout_diamond_mine, uniq_jorgrun, uniq_erolcha

Skill      XL: |  1  2  3  4  5  6  7  8  9 10 11 12 13 14 15 16 |
---------------+-------------------------------------------------+-----
Conjurations   | 5 6 8 10 11 12 14 15 | 15.0
Stealth        | 2 |  2.0
Dodging        | 2 4 5 6 8 |  8.0
Fighting       | 1 4 6 7 10 12 | 12.0
Spellcasting   | 3 4 6 7 8 |  8.0
Invocations    | 2 6 7 10 11 | 11.2
Evocations     | 4 6 7 |  7.8
Shields        | 4 |  4.0
Charms         | 4 8 |  8.0
Translocations | 4 |  4.0
Polearms       | 3 12 14 | 14.0

Action                   |  1- 3 |  4- 6 |  7- 9 | 10-12 | 13-15 | 16-18 || total
-------------------------+-------+-------+-------+-------+-------+-------++-------
Melee: Unarmed           |    12 |       |       |       |       |       ||    12
       Dagger            |    31 |    25 |   100 |       |       |       ||   156
       Mace              |    12 |       |       |       |       |       ||    12
       Tailslap          |     4 |     3 |    10 |    26 |    80 |    25 ||   148
       Whip              |       |       |    24 |   166 |   389 |       ||   579
       Demon trident     |       |       |       |       |   156 |   190 ||   346
Throw: Dart              |       |       |     1 |       |    26 |     9 ||    36
 Cast: Magic Dart        |    43 |    79 |    62 |   109 |   315 |    83 ||   691
       Searing Ray       |     2 |    21 |    44 |   139 |   299 |   105 ||   610
       Fulminant Prism   |       |       |     4 |    13 |    46 |    11 ||    74
       Dazzling Flash    |       |       |       |     4 |     7 |       ||    11
       Iskenderun's Myst |       |       |       |     4 |     7 |     3 ||    14
       Regeneration      |       |       |       |       |     7 |     1 ||     8
       Shroud of Golubri |       |       |       |       |     4 |       ||     4
       Blink             |       |       |       |       |     1 |       ||     1
Invok: Triple Draw       |       |       |       |       |     2 |       ||     2
 Abil: Draw Destruction  |       |     1 |     7 |    18 |    50 |     8 ||    84
       Draw Summoning    |       |     1 |     2 |     3 |    23 |     1 ||    30
       Breathe Lightning |       |       |     4 |     7 |    15 |     1 ||    27
       Draw Escape       |       |       |       |     2 |       |       ||     2
Evoke: Wand              |       |       |       |     7 |     9 |       ||    16
       Phial of floods   |       |       |       |     1 |     1 |       ||     2
       Lamp of fire      |       |       |       |       |     1 |       ||     1
       Box of beasts     |       |       |       |       |     1 |       ||     1
  Use: Scroll            |       |    11 |     7 |     8 |    19 |     6 ||    51
       Potion            |       |       |     1 |     2 |     1 |       ||     4
 Stab: Sleeping          |     2 |     2 |     2 |     5 |     2 |     1 ||    14
       Distracted        |       |       |     1 |     1 |     2 |       ||     4
       Paralysed         |       |       |       |     5 |    11 |       ||    16
       Petrifying        |       |       |       |     1 |       |       ||     1
  Eat: Chunk             |     4 |     9 |    10 |    22 |    53 |    11 ||   109
       Ration            |       |     1 |     2 |     3 |     5 |     2 ||    13
Armor: Skin              |    15 |    10 |    67 |    89 |   215 |    73 ||   469
Dodge: Dodged            |    42 |    23 |   100 |   313 |   749 |   305 ||  1532
Block: Buckler           |       |       |       |    35 |   150 |    65 ||   250

Table legend:
 A = Non-vault XP
 B = Vault XP
 C = Vault XP percentage of total XP
 D = Non-vault monster count
 E = Vault monster count
 F = Vault count percentage of total count
                 A         B        C        D         E       F
            +---------+---------+-------+---------+---------+-------
      Total |  116542 |   80301 |  40.8 |     660 |     220 |  25.0
            +---------+---------+-------+---------+---------+-------
        D:1 |      46 |       0 |   0.0 |      24 |       0 |   0.0
        D:2 |      99 |       0 |   0.0 |      21 |       0 |   0.0
        D:3 |      77 |       0 |   0.0 |      24 |       0 |   0.0
        D:4 |     347 |       0 |   0.0 |       9 |       0 |   0.0
        D:5 |     251 |     139 |  35.6 |      25 |       8 |  24.2
        D:6 |     463 |     419 |  47.5 |       7 |       5 |  41.7
        D:7 |    1459 |     157 |   9.7 |      31 |       1 |   3.1
        D:8 |     428 |     673 |  61.1 |       7 |       1 |  12.5
        D:9 |    1928 |    2876 |  59.9 |      17 |      30 |  63.8
       D:10 |    1951 |    1627 |  45.5 |      21 |       2 |   8.7
       D:11 |    3611 |     652 |  15.3 |      35 |       2 |   5.4
       D:12 |    5193 |       0 |   0.0 |      34 |       0 |   0.0
       D:13 |    8493 |   10792 |  56.0 |      31 |      20 |  39.2
       D:14 |   15374 |    9815 |  39.0 |      35 |      14 |  28.6
       D:15 |    8229 |    7659 |  48.2 |      26 |      13 |  33.3
     Lair:1 |    3581 |    3170 |  47.0 |      18 |       2 |  10.0
     Lair:2 |    5106 |    1617 |  24.1 |      24 |       6 |  20.0
     Lair:3 |    6159 |    1194 |  16.2 |      32 |       4 |  11.1
     Lair:4 |    7668 |       0 |   0.0 |      29 |       0 |   0.0
     Lair:5 |    3417 |     742 |  17.8 |      17 |       3 |  15.0
     Lair:6 |    6979 |   11799 |  62.8 |      29 |      36 |  55.4
    Swamp:1 |    2688 |    3896 |  59.2 |      12 |      13 |  52.0
    Swamp:2 |   15421 |       0 |   0.0 |      33 |       0 |   0.0
    Swamp:3 |    6113 |       0 |   0.0 |      20 |       0 |   0.0
      Orc:1 |    4711 |     233 |   4.7 |      42 |       4 |   8.7
      Orc:2 |    6750 |   17732 |  72.4 |      57 |      39 |  40.6
   Gauntlet |       0 |    5109 | 100.0 |       0 |      17 | 100.0
            +---------+---------+-------+---------+---------+-------
